 Dungeon Crawl Stone Soup version 0.30-a0-49-g1cef19eb02 (webtiles) character file.

Game seed: 13251156797023627463

2468 spaghetti the Fighter (level 9, -1/159 HPs)
             Began as an Ogre Berserker on Sept 3, 2022.
             Was a Believer of Trog.
             Slain by an orc priest
             ... wielding a +2 dagger of freezing
              (2 damage)
             ... on level 8 of the Dungeon.
             The game lasted 00:06:00 (6479 turns).

spaghetti the Fighter (Ogre Berserker)              Turns: 6479, Time: 00:06:01

Health: -1/159     AC:  3    Str: 27    XL:     9   Next: 51%
Magic:  9/9        EV: 10    Int:  8    God:    Trog [**....]
Gold:   371        SH:  0    Dex:  8    Spells: 8/8 levels left

rFire   + . .      SeeInvis .      - Unarmed
rCold   . . .      Faith    .    (no shield)
rNeg    . . .      Spirit   .    a - +0 animal skin
rPois   .          Reflect  .    (helmet restricted)
rElec   .          Harm     .    (no cloak)
rCorr   .          Rampage  .    (gloves unavailable)
Will    .....      Clarity  +    (boots unavailable)
Stlth   ..........               (no amulet)
HPRegen 0.36/turn                (no ring)
MPRegen 0.11/turn                (no ring)

@: berserking, very quick
A: large, unfitting armour, tough skin 1, clarity, fire resistance 1
a: Renounce Religion, Berserk, Trog's Hand


You were on level 8 of the Dungeon.
You worshipped Trog.
Trog was pleased with you.
You visited 1 branch of the dungeon, and saw 6 of its levels.

You collected 371 gold pieces.


Innate Abilities, Weirdness & Mutations

You are too large for most types of armour.
You have tough skin. (AC +1)
You possess an exceptional clarity of mind.
Your flesh is heat resistant. (rF+)


   Skills:
 + Level 12.1 Fighting
 - Level 2.6 Dodging
 + Level 8.6 Unarmed Combat


You had 8 spell levels left.
You didn't know any spells.
Your spell library contained the following spells:

 Spells                   Type           Power      Damage    Failure   Level
 Static Discharge         Conj/Air       0%         3-3/arc   54%         2
 Dazzling Flash           Conj/Hex       0%         N/A       78%         3
 Ignite Poison            Fire/Tmut/Pois 0%         N/A       78%         3
 Mephitic Cloud           Conj/Pois/Air  0%         N/A       78%         3
 Dispel Undead            Necr           0%         3d6       99%         4
 Iskenderun's Mystic Bla  Conj/Tloc      0%         2d3       99%         4
 Sticky Flame             Conj/Fire      0%         2d3       99%         4
 Freezing Cloud           Conj/Ice/Air   0%         6-21      100%        5
 Starburst                Conj/Fire      0%         6d3       100%        6

Inventory:

Hand Weapons
 f - a +0 dagger {short}
   (You took it off a goblin on level 1 of the Dungeon)
Missiles
 g - 62 stones (quivered) {throwing}
 l - a throwing net {=f!fthrowing}
 r - 4 javelins {throwing}
Armour
 a - a +0 animal skin (worn)
Jewellery
 h - a ring of positive energy
   (You found it on level 2 of the Dungeon)
 o - a ring of flight
   (You found it on level 3 of the Dungeon)
Wands
 d - a wand of iceblast (1)
   (You found it on level 4 of the Dungeon)
 s - a wand of paralysis (23)
   (You found it on level 8 of the Dungeon)
Scrolls
 c - a scroll of fog {unknown}
 e - 3 scrolls of teleportation {@r4}
 k - a scroll of magic mapping {unknown}
 m - a scroll of blinking {!r}
 q - 4 scrolls of enchant weapon
Potions
 b - 2 potions of flight
 i - 2 potions of cancellation
 j - 2 potions of curing {@q1}
 n - 2 potions of haste {unknown}
 p - a potion of might {unknown}
 t - a potion of heal wounds {unknown}
 u - a potion of degeneration {unknown}

Dungeon Overview and Level Annotations

Branches:
Dungeon (5/15) Zot: 25208
 Temple: D:4-7

Altars:
Ashenzari
Fedhas
Gozag
Nemelex Xobeh
Qazlal
Uskayaw
The Shining One

Shops:
D:4 **

Annotations:
D:8 3 runed translucent doors, Adrian566's ghost, novice HOMo

. ..# ....###
####### .....##
...§... #.og##
....≈.. #@)#
≈§..... #..#
...≈≈§≈≈≈≈.. ##.#
#....≈≈≈§≈§≈. #..#
#.≈..≈≈_>§≈≈≈ #..#
#....≈≈..≈§≈§
##.###..§≈§≈≈§≈≈§§
#..##..§§§§≈≈≈≈≈.
##.....≈≈≈§.≈..§.
##.....≈[§.....§


You could see a gnoll bouda and an orc priest.


Message History

😕 HP[-10]
You take 10 damage, and now have 88/106 hp.
You hit the steam dragon. The steam dragon closely misses you.
The steam dragon claws you but does no damage. 😕 HP[+1]
You hit the steam dragon but do no damage.
An orc comes into view. It is wielding a +0 club.
The steam dragon breathes steam at you. The ball of steam misses you.
You hear a shout! x2
You closely miss the steam dragon. The steam dragon bites you.
The steam dragon claws you. 😕 HP[-9]
You take 9 damage, and now have 80/106 hp.
You barely miss the steam dragon. The steam dragon bites you!
The steam dragon claws you. 😮 HP[-10]
You take 10 damage, and now have 70/106 hp.
You hit the steam dragon. You punch the steam dragon!
The steam dragon bites you!
The steam dragon barely misses you. 😮 HP[-7]
You take 7 damage, and now have 63/106 hp.
You barely miss the steam dragon. The steam dragon misses you.
The steam dragon barely misses you.
You closely miss the steam dragon.
An orc priest comes into view. It is wielding a +2 dagger of freezing.
The steam dragon bites you. The steam dragon claws you. 😮 HP[-6]
You take 6 damage, and now have 57/106 hp.
You barely miss the steam dragon. The steam dragon breathes steam at you.
The ball of steam hits you. You resist. 😮 HP[-2]
You take 2 damage, and now have 55/106 hp.
You hit the steam dragon but do no damage.
A gnoll bouda comes into view. It is wielding a +0 club.
The orc priest mumbles some strange prayers to Beogh against you.
Beogh smites you!
* * * LOW HITPOINT WARNING * * *
The steam dragon bites you.
* * * LOW HITPOINT WARNING * * *
The steam dragon claws you.
* * * LOW HITPOINT WARNING * * *
😨 HP[-15]
You take 15 damage, and now have 40/106 hp.
You closely miss the steam dragon. The orc hits you with a +0 club.
* * * LOW HITPOINT WARNING * * *
The steam dragon bites you.
* * * LOW HITPOINT WARNING * * *
The steam dragon closely misses you. 😨 HP[-10]
You take 10 damage, and now have 30/106 hp.
You punch the steam dragon! You punch the steam dragon.
The orc hits you with a +0 club.
* * * LOW HITPOINT WARNING * * *
The steam dragon bites you!
* * * LOW HITPOINT WARNING * * *
The steam dragon barely misses you. 😱 HP[-13]
You take 13 damage, and now have 17/106 hp.
Unknown command.
A red film seems to cover your vision as you go berserk!
You feel yourself moving faster!
You feel mighty! The orc hits you with a +0 club.
* * * LOW HITPOINT WARNING * * *
The steam dragon closely misses you. The steam dragon claws you.
* * * LOW HITPOINT WARNING * * *
😱 HP[+3]
You now have 159 max hp (+53).
You regained 3 hp, and now have 20/159 hp.
You pummel the steam dragon!!
You kill the steam dragon!
Trog accepts your kill. 😱 HP[+1]
You closely miss the orc. The orc hits you but does no damage.
You pummel the orc!!
You kill the orc!
Trog accepts your kill.
The orc priest hits you with a +2 dagger of freezing.
* * * LOW HITPOINT WARNING * * *
The orc priest freezes you.
* * * LOW HITPOINT WARNING * * *
😱 HP[-3]
You take 3 damage, and now have 18/159 hp.
You barely miss the orc priest.
The orc priest invokes the aid of Beogh against you.
Beogh smites you!
* * * LOW HITPOINT WARNING * * *
😱 HP[-14]
You take 14 damage, and now have 4/159 hp.
You completely miss the orc priest.
Your punch misses the orc priest. 😱 HP[+1] Unknown command.
Unknown command.
You punch the orc priest!
The orc priest hits you with a +2 dagger of freezing.
* * * LOW HITPOINT WARNING * * *
The orc priest freezes you.
You die...

Skill      XL: |  1  2  3  4  5  6  7  8  9 |
---------------+----------------------------+-----
Unarmed Combat | 3 4 5 6 7 8 |  8.6
Fighting       | 5 6 7 9 11 12 | 12.1
Dodging        | |  2.6

Action                   |  1- 3 |  4- 6 |  7- 9 || total
-------------------------+-------+-------+-------++-------
Melee: Unarmed           |   108 |   151 |   124 ||   383
       Punch             |     2 |     6 |     3 ||    11
Invok: Berserk           |     2 |     4 |     4 ||    10
       Trog's Hand       |       |     1 |     2 ||     3
  Use: Potion            |       |     3 |     2 ||     5
       Scroll            |       |     5 |       ||     5
Armor: Animal skin       |    54 |    31 |     6 ||    91
       Skin              |       |       |    14 ||    14
Dodge: Dodged            |    59 |    63 |    36 ||   158

Levels and vault maps discovered:
D:1:      dpeg_arrival_round_a, layout_basic,
          shapermc_ecumenical_altar_flowoftime, dk_noncrumbling_3
D:2:      layout_rooms, basic_altar, uniq_robin
D:3:      layout_loops_ring, lemuel_doored_altar,
          nicolae_overflow_hidden_temple, mainiacjoe_overflow_swirl
D:4:      layout_rooms, dreamdust_wishing_well, nicolae_elemental_shop,
          nicolae_shop_fire_sale [nicolae_sub_dead_trees], uniq_natasha
D:5:      lemuel_ice_spiral_2, layout_basic, lemuel_tele_altar,
          nicolae_ru_path_of_blood, nicolae_vehumet_radiance,
          nicolae_ossuary_entry_plus, small_statue_intersection,
          minmay_fountain_box, corexii_item_surrounded_by_moat,
          item_on_display_a
D:8:      layout_layer_cave, marbit_many_paths,
          nicolae_qazlal_general_emergency, lair_entry_dummy,
          gammafunk_ghost_ooze, kennysheep_flooded_box, dk_noncrumbling_2,
          hangedman_abyss_or_decor_passed, minmay_misc_feat_tiny,
          serial_bayou_crossing

Notes
Turn   | Place    | Note
-------+----------+-------------------------------------------
     0 | D:1      | spaghetti the Ogre Berserker began the quest for the Orb.
     0 | D:1      | Reached XP level 1. HP: 24/24 MP: 1/1
     0 | D:1      | magus.rc [v1.9.6]
   286 | D:1      | Found a faded altar of an unknown god.
   331 | D:1      | Reached XP level 2. HP: 33/33 MP: 2/2
   472 | D:1      | Reached skill level 3 in Unarmed Combat
   594 | D:2      | Found a blossoming altar of Fedhas.
   717 | D:2      | Reached XP level 3. HP: 23/41 MP: 3/3
   947 | D:2      | Noticed Robin
   960 | D:2      | Reached skill level 5 in Fighting
   964 | D:2      | Killed Robin
  1316 | D:1      | Reached ** piety under Trog
  1320 | D:1      | Reached XP level 4. HP: 50/50 MP: 4/4
  1609 | D:1      | You pick up a book of Spectacle {forbidden} and begin
                  | reading...
  1609 | D:1      | You add the spells Dazzling Flash, Iskenderun's Mystic
                  | Blast and Starburst to your library.
  2234 | D:3      | Found an opulent altar of Gozag.
  2237 | D:3      | Found a glowing golden altar of the Shining One.
  2333 | D:3      | Reached skill level 4 in Unarmed Combat
  2524 | D:3      | You add the spells Ignite Poison, Mephitic Cloud and
                  | Freezing Cloud to your library.
  2583 | D:3      | Reached XP level 5. HP: 59/59 MP: 5/5
  2614 | D:3      | Reached skill level 6 in Fighting
  2682 | D:3      | Found a hide-covered altar of Uskayaw.
  2893 | D:3      | Found a sparkling altar of Nemelex Xobeh.
  2962 | D:3      | Gained mutation: You possess an exceptional clarity of
                  | mind. [potion of mutation]
  2962 | D:3      | Gained mutation: Your flesh is heat resistant. (rF+)
                  | [potion of mutation]
  3078 | D:3      | Found a broken altar of Ashenzari.
  3199 | D:4      | Found Kitaen's Elemental Accessories.
  3208 | D:4      | Noticed Natasha
  3214 | D:4      | Killed Natasha
  3456 | D:4      | Reached XP level 6. HP: 68/68 MP: 6/6
  3494 | D:4      | Noticed Natasha
  3505 | D:4      | Killed Natasha
  3709 | D:4      | Reached skill level 7 in Fighting
  3776 | D:4      | Reached skill level 5 in Unarmed Combat
  3845 | D:4      | Found Seamu's Fire Supplies.
  4046 | D:4      | Noticed Natasha
  4054 | D:4      | HP: 14/71 [Natasha (9)]
  4059 | D:4      | Killed Natasha
  4197 | D:4      | Reached XP level 7. HP: 68/79 MP: 7/7
  4441 | D:5      | Entered Level 5 of the Dungeon
  4696 | D:5      | Reached skill level 8 in Fighting
  4709 | D:5      | You fall into a shaft and drop 3 floors!
  4729 | D:8      | Noticed a yak
  4730 | D:8      | Noticed a yak
  4730 | D:8      | Noticed a yak
  4731 | D:8      | Noticed a yak
  4732 | D:8      | Noticed a yak
  4734 | D:8      | Noticed a yak
  4739 | D:8      | HP: 20/80 [yak (14)]
  4747 | D:8      | Killed a yak
  4750 | D:8      | HP: 28/121 [wight/+2 vampiric war axe (11)]
  4755 | D:8      | HP: 24/121 [yak (6)]
  4757 | D:8      | Killed a yak
  4758 | D:8      | Reached skill level 9 in Fighting
  4758 | D:8      | Reached skill level 6 in Unarmed Combat
  4758 | D:8      | Reached XP level 8. HP: 30/92 MP: 8/8
  4761 | D:8      | Killed a yak
  4764 | D:8      | Killed a yak
  4768 | D:8      | Killed a yak
  4769 | D:8      | Reached skill level 10 in Fighting
  4769 | D:8      | Reached skill level 7 in Unarmed Combat
  4771 | D:8      | Killed a yak
  5351 | D:8      | HP: 21/95 [poisoned by a wight]
  5356 | D:8      | HP: 11/95 [poisoned by a wight]
  5709 | D:8      | You pick up a book of Touch {forbidden} and begin
                  | reading...
  5709 | D:8      | You add the spells Static Discharge, Sticky Flame and
                  | Dispel Undead to your library.
  5800 | D:8      | Reached skill level 11 in Fighting
  5800 | D:8      | Reached XP level 9. HP: 105/105 MP: 9/9
  6046 | D:8      | Noticed a two-headed ogre
  6060 | D:8      | HP: 38/157 [two-headed ogre/+0 giant club (9)]
  6062 | D:8      | Killed a two-headed ogre
  6063 | D:8      | Reached skill level 8 in Unarmed Combat
  6066 | D:8      | Reached skill level 12 in Fighting
  6380 | D:8      | Found a stormy altar of Qazlal.
  6445 | D:8      | Found a runed translucent gate.
  6445 | D:8      | Found a runed translucent gate.
  6445 | D:8      | Found a runed translucent gate.
  6446 | D:8      | Noticed Adrian566's ghost (novice HOMo)
  6471 | D:8      | HP: 17/106 [steam dragon (10)]
  6476 | D:8      | HP: 19/159 [orc priest/+2 dagger of freezing (2)]
  6477 | D:8      | HP: 4/159 [orc priest/divine providence (14)]
  6479 | D:8      | HP: 1/159 [orc priest/+2 dagger of freezing (4)]
  6479 | D:8      | Slain by an orc priest

Vanquished Creatures
  A two-headed ogre (D:8)
  6 yaks (D:8)
  A steam dragon (D:8)
  A necrophage (D:4)
  A scorpion (D:4)
  5 wights (D:8)
  2 electric eels (D:8)
  A howler monkey (D:4)
  3 orc priests
  Natasha (thrice) (D:4)
  2 iguanas
  2 orc wizards
  Robin (D:2)
  4 gnolls (D:4)
  3 adders
  2 worms (D:2)
  A dart slug (D:4)
  6 orcs
  8 endoplasms
  3 giant cockroaches
  12 goblins
  10 hobgoblins
  4 jackals
  5 quokkas
  4 ball pythons
  4 bats
  8 frilled lizards
  A rat (D:3)
104 creatures vanquished.

Table legend:
 A = Non-vault XP
 B = Vault XP
 C = Vault XP percentage of total XP
 D = Non-vault monster count
 E = Vault monster count
 F = Vault count percentage of total count
                 A         B        C        D         E       F
            +---------+---------+-------+---------+---------+-------
      Total |    3456 |      71 |   2.0 |      92 |      12 |  11.5
            +---------+---------+-------+---------+---------+-------
        D:1 |      34 |       0 |   0.0 |      21 |       0 |   0.0
        D:2 |      40 |      35 |  46.7 |      14 |      11 |  44.0
        D:3 |      80 |       0 |   0.0 |      15 |       0 |   0.0
        D:4 |     408 |      36 |   8.1 |      19 |       1 |   5.0
        D:5 |     117 |       0 |   0.0 |       5 |       0 |   0.0
        D:8 |    2777 |       0 |   0.0 |      18 |       0 |   0.0
            +---------+---------+-------+---------+---------+-------

Illustrated notes

Table legend:
 A = Kills in this place as a percentage of kills in entire the game.
 B = Kills by you in this place as a percentage of kills by you in the entire game.
 C = Kills by friends in this place as a percentage of kills by friends in the entire game.
 D = Other kills in this place as a percentage of other kills in the entire game.
 E = Experience gained in this place as a percentage of experience gained in the entire game.
 F = Experience gained in this place divided by the number of levels of this place that you have seen.
                   A       B       C       D       E      F
               +-------+-------+-------+-------+-------+----------------------
         Total | 100.0 | 100.0 |   N/A |   N/A | 100.0 | 587.8
       Dungeon | 100.0 | 100.0 |   N/A |   N/A | 100.0 | 587.8
               +-------+-------+-------+-------+-------+----------------------

Table legend: (Time is in decaauts)
 A = Elapsed time spent in this place.
 B = Non-inter-level travel time spent in this place.
 C = Inter-level travel time spent in this place.
 D = Time resting spent in this place.
 E = Time spent auto-exploring this place.
 F = Levels seen in this place.
 G = Mean time per level.
                   A        B        C        D        E       F      G
               +--------+--------+--------+--------+--------+-----+--------+
         Total |   6531 |   6344 |    187 |    208 |   5453 |   6 | 1088.5 |
       Dungeon |   6531 |   6344 |    187 |    208 |   5453 |   6 | 1088.5 |
               +--------+--------+--------+--------+--------+-----+--------+

Top non-repeatable levels by time:
     D:8: 1791 daAuts
     D:1: 1475 daAuts
     D:4: 1307 daAuts
     D:3: 959 daAuts
     D:2: 732 daAuts
     D:5: 265 daAuts
